[Event "Norwegian Championship 2022"]
[Site "Kongsvinger, Norway"]
[Date "2022.07.11"]
[Round "4"]
[White "Elsness, Frode"]
[Black "Agdestein, Simen"]
[Result "0-1"]
[Board "1"]
[TimeControl "40/5400+30:1800+30"]
[WhiteTitle "IM"]
[BlackTitle "GM"]
[WhiteFideId "1501100"]
[BlackFideId "1500015"]
[WhiteElo "2464"]
[BlackElo "2559"]

1. d4 d5 2. c4 e6 3. Nc3 c6 4. e3 Nf6 5. Nf3 Nbd7 6. Qc2 Bd6 7. b3 O-O 8. Be2 b6 9. O-O Bb7 10. Bb2 Qe7 11. Rad1 Rfe8 12. Rfe1 Rad8 13. Bf1 Bb4 14. a3 Bxa3 15. Bxa3 Qxa3 16. Ra1 Qd6 17. Rxa7 Qb8 18.
Rea1 dxc4 19. bxc4 c5 20. d5 exd5 21. cxd5 Nxd5 22. Nxd5 Bxd5 23. Bb5 Re7 24. Qa4 Bb7 25. Qb3 Ne5 26.
Nxe5 Qxe5 27. Bc4 Qf6 28. f3 h5 29. Rb1 Rd2 30. Ra2 Rxa2 31. Qxa2 Rxe3 32. Qd2 Re7 33. h3 Kh7 34. Qd3+ g6 35.
Kh1 Bc8 36. Qb3 Bf5 37. Rd1 Kg7 38. Bf1 Rd7 39. Re1 Rd2 40. Qb5 Bxh3 0-1

[Event "Norwegian Championship 2022"]
[Site "Kongsvinger, Norway"]
[Date "2022.07.11"]
[Round "4"]
[White "Hammer, Jon Ludvig"]
[Black "Hauge, Lars Oskar"]
[Result "1/2-1/2"]
[Board "2"]
[TimeControl "40/5400+30:1800+30"]
[WhiteTitle "GM"]
[BlackTitle "GM"]
[WhiteFideId "1503707"]
[BlackFideId "1509276"]
[WhiteElo "2638"]
[BlackElo "2526"]

1. e4 e5 2. Nf3 Nc6 3. Bb5 Nf6 4. d3 Bc5 5. Bxc6 dxc6 6. Nbd2 Be6 7. O-O Bd6 8. Nb3 Nd7 9. Na5 Rb8 10.
Ng5 Qe7 11. Nxe6 Qxe6 12. Be3 Bc5 13. Bxc5 Nxc5 14. Qh5 O-O 15. b3 f6 16. f4 Nd7 17. f5 Qd6 18. Nc4 Qc5+ 19. Rf2 b5 20.
Nb2 Qd4 21. Rb1 c5 22. Qf3 Nb6 23. Nd1 c4 24. dxc4 bxc4 25. Ne3 cxb3 26. axb3 Rbd8 27. g4 Qc3 28. Kg2 Rd4 29. Nf1 Qxf3+ 30. Kxf3 c5 31. c4 Rfd8 32. Ne3 Rd3 33. Ra2 Rc3 34. Rc2 Rcd3 35. Ra2 Rc3 36. Rc2 Rcd3 37. Ke2 R3d4 38. Rd1 Rb8 39.
Rxd4 exd4 40. Nd5 Nd7 41. Ra2 Rxb3 42. Rxa7 Ne5 43. Ra8+ 1/2-1/2

[Event "Norwegian Championship 2022"]
[Site "Kongsvinger, Norway"]
[Date "2022.07.11"]
[Round "4"]
[White "Østmoe, Geir Sune Tallaksen"]
[Black "Abdrlauf, Elham"]
[Result "0-1"]
[Board "3"]
[TimeControl "40/5400+30:1800+30"]
[WhiteTitle "IM"]
[BlackTitle "FM"]
[WhiteFideId "1502778"]
[BlackFideId "1533533"]
[WhiteElo "2483"]
[BlackElo "2466"]

1. d4 Nf6 2. Nf3 d5 3. c4 e6 4. g3 dxc4 5. Bg2 a6 6. O-O Nc6 7. Qd2 Bb4 8. Qc2 b5 9. Ne5 Nxe5 10.
dxe5 Nd5 11. Rd1 Qe7 12. b3 Bb7 13. bxc4 Qc5 14. Na3 Bxa3 15. Bxa3 Qxc4 16. Qxc4 bxc4 17. Rdc1 O-O-O 18. Rab1 Nb6 19.
Bc5 Bxg2 20. Kxg2 Kb7 21. Rxc4 Rd5 22. e4 Rd1 23. Rb3 Rd3 24. Rxd3 Nxc4 25. Rc3 Nxe5 26. Bd4 f6 27. Bxe5 fxe5 28.
Rc5 Rd8 29. Rxe5 Rd6 30. a4 Kb6 31. a5+ Kc6 32. h4 h6 33. Kh3 Kd7 34. Kg4 Rd2 35. f4 Kd6 36. Rh5 Rf2 37. f5 e5 38. Kh3 c5 39. g4 c4 40.
f6 Rxf6 41. g5 Re6 42. gxh6 gxh6 43. Rf5 Kc5 44. Kg4 Kd4 45. Kf3 Kd3 46. Rf8 Rd6 47. Rf5 c3 48. Rxe5 c2 49. Rc5 Kd2 50.
e5 Rd3+ 0-1

[Event "Norwegian Championship 2022"]
[Site "Kongsvinger, Norway"]
[Date "2022.07.11"]
[Round "4"]
[White "Kaasen, Tor Fredrik"]
[Black "Djurhuus, Rune"]
[Result "1-0"]
[Board "4"]
[TimeControl "40/5400+30:1800+30"]
[WhiteTitle "IM"]
[BlackTitle "GM"]
[WhiteFideId "1516647"]
[BlackFideId "1500082"]
[WhiteElo "2433"]
[BlackElo "2407"]

1. e4 e6 2. d4 d5 3. Nc3 Bb4 4. e5 c5 5. a3 Bxc3+ 6. bxc3 Qc7 7. Qg4 f6 8. Nf3 Nc6 9. Qg3 cxd4 10.
cxd4 fxe5 11. dxe5 Qf7 12. Bd3 Nge7 13. Qh3 h6 14. Rb1 b6 15. a4 Bd7 16. Bd2 Rc8 17. a5 Nxa5 18. Bxa5 bxa5 19.
Rb7 a6 20. O-O Rd8 21. Nd4 O-O 22. f4 a4 23. Ra7 a3 24. Be2 Bb5 25. Bxb5 axb5 26. Qxa3 Rde8 27. Qd6 Kh7 28. Nxe6 Rg8 29.
Rf3 Kh8 30. Ng5 Qf8 31. Rxe7 Qxe7 32. Qg6 Qc5+ 33. Rf2 hxg5 34. Qh5# 1-0

[Event "Norwegian Championship 2022"]
[Site "Kongsvinger, Norway"]
[Date "2022.07.11"]
[Round "4"]
[White "Urkedal, Frode Olav Olsen"]
[Black "Vestby-Ellingsen, Mads"]
[Result "1-0"]
[Board "5"]
[TimeControl "40/5400+30:1800+30"]
[WhiteTitle "GM"]
[BlackTitle "IM"]
[WhiteFideId "1506102"]
[BlackFideId "1520857"]
[WhiteElo "2555"]
[BlackElo "2351"]

1. e4 e5 2. Nf3 Nc6 3. Bb5 a6 4. Ba4 Nf6 5. O-O Be7 6. Re1 b5 7. Bb3 O-O 8. a4 Rb8 9. axb5 axb5 10.
h3 d6 11. c3 Bd7 12. d4 Ra8 13. Rxa8 Qxa8 14. Bg5 Rd8 15. Nbd2 Qb8 16. Nf1 b4 17. Bc2 bxc3 18. bxc3 h6 19.
Bc1 Re8 20. Ng3 Bf8 21. Nh4 Qb6 22. Nhf5 Qa5 23. Bd2 Ne7 24. Nxe7+ Bxe7 25. Kh2 Bf8 26. Rf1 Qa7 27. Be3 Bb5 28.
dxe5 Qa5 29. exf6 Bxf1 30. fxg7 Bxg7 31. Qxf1 Qxc3 32. Qd1 Kh8 33. Nf5 Be5+ 34. f4 Bg7 35. Nxg7 Qxg7 36. Bd4 f6 37.
Qh5 Ra8 38. Qf5 Rf8 39. g4 c5 40. Bc3 d5 41. exd5 Qe7 42. Be4 c4 43. d6 1-0

[Event "Norwegian Championship 2022"]
[Site "Kongsvinger, Norway"]
[Date "2022.07.11"]
[Round "4"]
[White "Tallaksen, Levi André"]
[Black "Sjøberg, Isak"]
[Result "1-0"]
[Board "6"]
[TimeControl "40/5400+30:1800+30"]
[WhiteTitle "FM"]
[BlackTitle "FM"]
[WhiteFideId "1505785"]
[BlackFideId "1521640"]
[WhiteElo "2341"]
[BlackElo "2308"]

1. d4 Nf6 2. c4 g6 3. Nc3 Bg7 4. e4 d6 5. f4 O-O 6. Nf3 c5 7. d5 e6 8. Bd3 exd5 9. cxd5 b5 10.
e5 dxe5 11. fxe5 Ng4 12. Bxb5 Nxe5 13. O-O Bg4 14. Be2 Bxf3 15. Bxf3 Nbd7 16. Bf4 Nc4 17. Qc2 Nde5 18. Rad1 g5 19.
Bc1 f5 20. Na4 Rc8 21. Be2 Nd6 22. Be3 c4 23. Bxa7 f4 24. Nc3 g4 25. Rde1 Qd7 26. Bf2 f3 27. Bd1 Nd3 28. Re6 Nf4 29.
gxf3 Nxd5 30. Rfe1 Nf4 31. Re7 Nh3+ 32. Kf1 Qc6 33. R1e6 Ng5 34. Rxg7+ Kxg7 35. Bd4+ Kf7 36. Rf6+ Ke7 37.
Qe2+ Kd7 38. Ba4 1-0

[Event "Norwegian Championship 2022"]
[Site "Kongsvinger, Norway"]
[Date "2022.07.11"]
[Round "4"]
[White "Stanford, Maxim Barth"]
[Black " Østenstad, Berge"]
[Result "1-0"]
[Board "7"]
[TimeControl "40/5400+30:1800+30"]
[WhiteTitle "IM"]
[BlackTitle "GM"]
[WhiteFideId "408280"]
[BlackFideId "1500058"]
[WhiteElo "2308"]
[BlackElo "2451"]

1. d4 Nf6 2. c4 e6 3. Nc3 d5 4. cxd5 exd5 5. Bg5 c6 6. Qc2 Be7 7. e3 Nbd7 8. Bd3 h6 9. Bh4 Nh5 10.
Bxe7 Qxe7 11. Nge2 Nb6 12. O-O O-O 13. b3 Bd7 14. Rfe1 Rfe8 15. Qd2 Rad8 16. Rac1 Qg5 17. a4 Nc8 18.
b4 Nd6 19. b5 Bh3 20. Ng3 Nxg3 21. hxg3 Bf5 22. bxc6 bxc6 23. Nb1 Bxd3 24. Qxd3 Nc4 25. Nd2 Nxd2 26. Qxd2 Re6 27. Qa5 Rd7 28.
Qa6 Rc7 29. Rc5 h5 30. Rb1 Qf5 31. Rb8+ Kh7 32. Qe2 g6 33. a5 Rce7 34. Rc1 Qg5 35. a6 h4 36. gxh4 Qxh4 37. Qf3 c5 38.
Qxd5 cxd4 39. Qd8 Kg7 40. g3 Qh5 41. Qxd4+ Qe5 42. Rb7 Qxd4 43. exd4 Kf6 44. Rc3 Rxb7 45. axb7 Re1+ 46. Kg2 Rb1 47.
Rc6+ Kf5 48. Rc7 f6 49. Re7 1-0

[Event "Norwegian Championship 2022"]
[Site "Kongsvinger, Norway"]
[Date "2022.07.12"]
[Round "5"]
[White "Agdestein, Simen"]
[Black "Urkedal, Frode Olav Olsen"]
[Result "1-0"]
[Board "1"]
[TimeControl "40/5400+30:1800+30"]
[WhiteTitle "GM"]
[BlackTitle "GM"]
[WhiteFideId "1500015"]
[BlackFideId "1506102"]
[WhiteElo "2559"]
[BlackElo "2555"]

1. e4 e5 2. Nf3 Nc6 3. Bb5 a6 4. Ba4 Nf6 5. O-O Be7 6. Re1 b5 7. Bb3 O-O 8.
c3 d5 9. exd5 Nxd5 10. Nxe5 Nxe5 11. Rxe5 c6 12. d3 Bd6 13.
Re1 Bf5 14. Qf3 Qh4 15. g3 Qh3 16. Be3 Bxd3 17. Bxd5 cxd5 18. Qxd5 Rad8 19. Qg2 Qe6 20. Nd2 Rfe8 21. Qc6 Qc8 22.
Qxc8 Rxc8 23. Bd4 Rxe1+ 24. Rxe1 b4 25. Re3 Bb5 26. Ne4 Bf8 27. g4 f6 28. f3 a5 29. b3 Rd8 30. Kf2 bxc3 31.
Bxc3 Ra8 32. Bd4 Ba3 33. Bc5 Bc1 34. Re1 Bb2 35. Nd6 Bd3 36. f4 h5 37. gxh5 Kh7 38. Ke3 Ba6 39. Rb1 Bc3 40.
Rc1 Bb2 41. Rc2 Ba1 42. Bd4 Bxd4+ 43. Kxd4 Rb8 44. Kc5 Rb4 45. f5 Kh6 46. Rg2 Bd3 47. Rg6+ Kxh5 48. Rxg7 Bb1 49. Ra7 1-0

[Event "Norwegian Championship 2022"]
[Site "Kongsvinger, Norway"]
[Date "2022.07.12"]
[Round "5"]
[White "Kaasen, Tor Fredrik"]
[Black "Hammer, Jon Ludvig"]
[Result "1/2-1/2"]
[Board "2"]
[TimeControl "40/5400+30:1800+30"]
[WhiteTitle "IM"]
[BlackTitle "GM"]
[WhiteFideId "1516647"]
[BlackFideId "1503707"]
[WhiteElo "2433"]
[BlackElo "2638"]

1. e4 e5 2. Nf3 Nc6 3. Bb5 a6 4. Ba4 Nf6 5. O-O Be7 6. d3 b5 7. Bb3 d6 8. c3 O-O 9. h3 Bb7 10.
Re1 Nb8 11. Nbd2 Nbd7 12. Nf1 Nc5 13. Bc2 Re8 14. Ng3 Bf8 15. b4 Ncd7 16. d4 g6 17. d5 c6 18. dxc6 Bxc6 19. Bb3 Qc7 20.
c4 bxc4 21. Bxc4 Nb6 22. Bb3 d5 23. exd5 Bxd5 1/2-1/2

[Event "Norwegian Championship 2022"]
[Site "Kongsvinger, Norway"]
[Date "2022.07.12"]
[Round "5"]
[White "Hauge, Lars Oskar"]
[Black "Abdrlauf, Elham"]
[Result "1/2-1/2"]
[Board "3"]
[TimeControl "40/5400+30:1800+30"]
[WhiteTitle "GM"]
[BlackTitle "FM"]
[WhiteFideId "1509276"]
[BlackFideId "1533533"]
[WhiteElo "2526"]
[BlackElo "2466"]

1. e4 c5 2. Nf3 Nc6 3. Bc4 d6 4. O-O Nf6 5. d3 g6 6. c3 Bg7 7. Bb3 O-O 8. Re1 b5 9. Nbd2 Rb8 10.
a3 Ng4 11. Bc2 f5 12. h3 fxe4 13. Nxe4 Nge5 14. Nxe5 Nxe5 15. d4 cxd4 16. cxd4 Nc4 17. Ng5 Bf5 18. Bxf5 Rxf5 19. Ne6 Qd7 20.
Qe2 Be5 21. b3 Nb6 22. Bb2 Qxe6 23. dxe5 d5 24. Qxb5 Nd7 25. Qd3 Nc5 26. Qc2 Nxb3 27. Rab1 Rff8 28. Rbd1 Na5 29. Bd4 Nc4 30.
Bxa7 Rb5 31. Bd4 Ra8 32. a4 Rb4 33. Ra1 Na5 34. Be3 Rc4 35. Qb1 Nc6 36. Qb3 Qxe5 37. Rad1 Rb8 38. Qd3 Nb4 39.
Qd2 Rc2 40. Qd4 Qxd4 41. Bxd4 Rc4 42. Be3 e5 43. a5 d4 44. Bg5 Nc6 45. a6 Ra4 46. Ra1 Rxa1 47. Rxa1 Ra8 48. g4 Kf7 49.
Kf1 Ke6 50. Ke2 Nb4 51. Rb1 Nxa6 52. Rb7 Nc5 53. Rxh7 Ne4 54. h4 Ra2+ 55. Kf3 Nxf2 56. Re7+ Kd6 57. Rg7 e4+ 58. Kf4 e3 59.
Kf3 Nd3 60. Bxe3 Ne5+ 61. Ke4 dxe3 62. Kxe3 Nxg4+ 63. Kf4 Ne5 64. h5 gxh5 65. Rh7 h4 66. Rh6+ Kd5 67. Rh5 Ra4+ 68. Kf5 Nf7 69. Kf6+ Ne5 70. Rxe5+ Kd4 71.
Rh5 Ke3 72. Kg5 Ra5+ 73. Kxh4 Rxh5+ 74. Kxh5 1/2-1/2

[Event "Norwegian Championship 2022"]
[Site "Kongsvinger, Norway"]
[Date "2022.07.12"]
[Round "5"]
[White "Elsness, Frode"]
[Black "Østmoe, Geir Sune Tallaksen"]
[Result "1/2-1/2"]
[Board "4"]
[TimeControl "40/5400+30:1800+30"]
[WhiteTitle "IM"]
[BlackTitle "IM"]
[WhiteFideId "1501100"]
[BlackFideId "1502778"]
[WhiteElo "2464"]
[BlackElo "2483"]

1. e4 c6 2. d4 d5 3. e5 Bf5 4. h4 h5 5. Bd3 Bxd3 6. Qxd3 Qa5+ 7. Nd2 e6 8. Ngf3 Nh6 9. O-O Nf5 10.
Nb3 Qb5 11. Qd1 c5 12. a4 Qb6 13. dxc5 Bxc5 14. Nxc5 Qxc5 15. c3 Nc6 16. Re1 Rc8 17. Bf4 Nce7 18. g3 a5 19. Rc1 Qb6 20.
b3 Rc6 21. Bg5 Qc7 22. Bd2 Ng6 23. Kg2 Qb6 24. Rb1 Qc7 25. Qe2 b6 26. Rbc1 Nge7 27. Kg1 O-O 28. Nh2 Ng6 29. Kg2 d4 30.
c4 d3 31. Qe4 Rd8 32. Nf3 Rc5 33. Rcd1 Qc6 34. Bg5 Rd7 35. Qxc6 Rxc6 36. Rd2 Rc5 37. Red1 Nxe5 38. Nxe5 Rxe5 39.
Rxd3 Rxd3 40. Rxd3 f6 41. Bf4 Rc5 42. Rd7 Rc6 43. Kf3 Kh7 44. Rc7 Kg6 45. Rxc6 Nd4+ 46. Ke4 Nxc6 47. Bc7 f5+ 48. Kd3 e5 49. Bxb6 Kf6 50.
c5 Ke6 51. Kc4 f4 52. Bc7 f3 53. Bd6 Nd4 54. Bc7 Nc6 55. Bd6 Nd4 56. Bc7 Nc6 1/2-1/2

[Event "Norwegian Championship 2022"]
[Site "Kongsvinger, Norway"]
[Date "2022.07.12"]
[Round "5"]
[White "Stanford, Maxim Barth"]
[Black "Tallaksen, Levi André"]
[Result "1-0"]
[Board "5"]
[TimeControl "40/5400+30:1800+30"]
[WhiteTitle "IM"]
[BlackTitle "FM"]
[WhiteFideId "408280"]
[BlackFideId "1505785"]
[WhiteElo "2308"]
[BlackElo "2341"]

1. d4 Nf6 2. c4 e6 3. Nc3 d5 4. Nf3 dxc4 5. e3 c5 6. Bxc4 Be7 7. O-O O-O 8. Qe2 a6 9. Rd1 Qc7 10.
a4 Nc6 11. h3 b6 12. dxc5 bxc5 13. e4 Nd7 14. Be3 Bf6 15. Rac1 Qb6 16. Rd2 Nde5 17. Nxe5 Bxe5 18. f4 Bd4 19.
e5 Ne7 20. Bd3 Bb7 21. Kh2 Rfd8 22. Rcd1 Rd7 23. Qf2 Rad8 24. Bxd4 Rxd4 25. Ne2 R4d5 26. Nc3 Rd4 27. Ne4 Rxd3 28.
Rxd3 Rxd3 29. Rxd3 Bxe4 30. Qxc5 Qb8 31. Rd4 Bxg2 32. Qxe7 Bd5 33. b4 h6 34. Qc5 g5 35. Rd1 f6 36.
Rxd5 exd5 37. Qxd5+ Kh8 38. Qd6 Qc8 39. Qxf6+ Kh7 40. Qe7+ Kh8 41. fxg5 Qc2+ 42. Kg3 hxg5 43. Qxg5 Qc3+ 44.
Kg4 Qxb4+ 45. Qf4 Qb3 46. Qh6+ Kg8 47. Qxa6 Qd1+ 48. Kf4 Qd2+ 49. Ke4 Qg2+ 50. Kd4 Qxh3 51. Qc4+ Kf8 52. a5 Qg4+ 53. Kc5 Qc8+ 54. Kb4 Qb7+ 55.
Ka3 Qf3+ 56. Qb3 Qe2 57. Qb8+ Ke7 58. Qd6+ Ke8 59. a6 Qe3+ 60. Ka4 Qe4+ 61. Ka5 Qe1+ 62. Qb4 Qe3 63. Qb8+ Kd7 64.
Qb7+ Ke8 65. Qc8+ Ke7 66. Qc7+ Ke8 67. Kb5 Qb3+ 68. Kc6 Qc4+ 69. Kb6 Qb3+ 70. Ka7 Qa2 71. Qc6+ Kd8 72. e6 Ke7 73.
Qd7 Kf6 74. Qf7+ Kg5 75. Qe7+ Kg6 76. Qd6 Qf2+ 77. Qb6 Qa2 78. Qc6 Qf2+ 79. Kb7 Qb2+ 80. Qb6 Qg2+ 81. Kc7 Qc2+ 82. Qc6 Qh2+ 83.
Kd7 Qd2+ 84. Qd6 Qe3 85. e7+ Kf7 86. Qg6 1-0

[Event "Norwegian Championship 2022"]
[Site "Kongsvinger, Norway"]
[Date "2022.07.12"]
[Round "5"]
[White "Djurhuus, Rune"]
[Black " Østenstad, Berge"]
[Result "0-1"]
[Board "6"]
[TimeControl "40/5400+30:1800+30"]
[WhiteTitle "GM"]
[BlackTitle "GM"]
[WhiteFideId "1500082"]
[BlackFideId "1500058"]
[WhiteElo "2407"]
[BlackElo "2451"]

1. e4 e6 2. Qe2 c5 3. Nf3 Nc6 4. g3 d6 5. Bg2 Nf6 6. O-O Be7 7. b3 O-O 8. Bb2 e5 9. h3 Re8 10.
c4 Bf8 11. d3 g6 12. Nc3 Bg7 13. Qd2 a6 14. a3 b5 15. Nd5 Rb8 16. Bc3 a5 17. a4 bxc4 18. bxc4 Nxd5 19. exd5 Nb4 20.
Ne1 f5 21. Nf3 Bf6 22. h4 Rf8 23. Rfe1 Rb7 24. Re2 Rbf7 25. Bh3 Re8 26. Ne1 Bd7 27. Ng2 Bg7 28. f3 Rfe7 29. Kh2 h6 30.
Rf2 Rf7 31. f4 e4 32. Bxg7 Kxg7 33. d4 Qf6 34. Rd1 Bxa4 35. dxc5 Bxd1 36. Qxd1 dxc5 37. h5 Nd3 38. Ra2 g5 39.
Ne3 g4 40. Bf1 Rfe7 41. Rxa5 Qf7 42. Kg1 Qxh5 43. d6 Rb7 44. Bxd3 exd3 45. Qxd3 Rxe3 46. Qxe3 Rb1+ 47. Kf2 Qh2# 0-1

[Event "Norwegian Championship 2022"]
[Site "Kongsvinger, Norway"]
[Date "2022.07.12"]
[Round "5"]
[White "Vestby-Ellingsen, Mads"]
[Black "Sjøberg, Isak"]
[Result "1-0"]
[Board "7"]
[TimeControl "40/5400+30:1800+30"]
[WhiteTitle "IM"]
[BlackTitle "FM"]
[WhiteFideId "1520857"]
[BlackFideId "1521640"]
[WhiteElo "2351"]
[BlackElo "2308"]

1. d4 Nf6 2. Nc3 d5 3. Bf4 g6 4. e3 Bg7 5. Nb5 Na6 6. h3 c6 7. Nc3 O-O 8. Nf3 Qa5 9. Be2 Ne4 10.
O-O Nxc3 11. bxc3 Qxc3 12. Rb1 Qa5 13. c4 dxc4 14. Bxc4 Nc7 15. Bg3 b5 16. Bb3 Nd5 17. Rc1 Nc3 18.
Qd2 b4 19. Be5 Ba6 20. Rfe1 Rad8 21. Bxg7 Kxg7 22. Qb2 f6 23. a3 Nd5 24. Qd2 Qxa3 25. Bxd5 cxd5 26. Ra1 Qd3 27. Qxb4 Rd7 28.
Ra5 Bc4 29. Qa4 Rfd8 30. Rxa7 Bb5 31. Qa5 Bc4 32. Rxd7 Rxd7 33. Qa8 Qb3 34. Ra1 Qb2 35. Ra5 Qb1+ 36. Kh2 Qb7 37. Qxb7 Rxb7 38.
Kg3 Rb2 39. Rc5 Kf7 40. h4 h5 41. Ng1 g5 42. Nh3 Kg6 43. Rc7 e6 44. Rc6 Kf5 45. Rc8 gxh4+ 46. Kxh4 Bf1 47. Rg8 Be2 48.
Nf4 e5 49. dxe5 fxe5 50. Rg5+ Ke4 51. Ng6 Kd3 52. Rxe5 Bf1 53. Rxd5+ Ke2 54. Kg3 Ke1 55. Ra5 Bd3 56. Ra1+ Bb1 57.
Nh4 Ke2 58. Nf3 Rb8 59. Nd4+ Kd2 60. Ne6 Rg8+ 61. Kh2 Bf5 62. Ra2+ Ke1 63. Nd4 Bd3 64. Kg1 Kd1 65. Ra1+ Kd2 66.
Nf3+ Kc3 67. Rc1+ Kb2 68. Rc5 Be4 69. Nh4 Rh8 70. f3 Bc2 71. Kf2 Kc1 72. e4 Kd2 73. Rd5+ Bd3 74. Ng6 1-0

[Event "Norwegian Championship 2022"]
[Site "Kongsvinger, Norway"]
[Date "2022.07.13"]
[Round "6"]
[White "Hauge, Lars Oskar"]
[Black "Agdestein, Simen"]
[Result "1/2-1/2"]
[Board "1"]
[TimeControl "40/5400+30:1800+30"]
[WhiteTitle "GM"]
[BlackTitle "GM"]
[WhiteFideId "1509276"]
[BlackFideId "1500015"]
[WhiteElo "2526"]
[BlackElo "2559"]

1. e4 c5 2. Nf3 Nc6 3. d4 cxd4 4. Nxd4 Nf6 5. Nc3 d6 6. Bg5 e6 7. Qd3 a6 8. O-O-O Qa5 9. Bxf6 gxf6 10.
Nb3 Qc7 11. f4 b5 12. g3 Bb7 13. Bh3 b4 14. Ne2 a5 15. Nbd4 Nxd4 16. Nxd4 Qb6 17. Nxe6 fxe6 18. Bxe6 Kd8 19.
Qe2 h5 20. Bd5 Ba6 21. Qf3 Rc8 22. e5 Qc5 23. Bb3 fxe5 24. fxe5 Qxe5 25. Rhe1 Qg5+ 26. Kb1 Be7 27. h4 Qg7 28.
Qd5 Rc7 29. Qxa5 Bb7 30. Bd5 Bxd5 31. Qxd5 Rh6 32. Re4 Qxg3 33. Rxb4 Qf2 34. Rb8+ Kd7 35. Qb5+ Ke6 36. Qb3+ Kf6 37.
Rg8 Rg6 38. Rxg6+ Kxg6 39. Qd3+ Kh6 40. Rf1 Qxh4 41. Rg1 Qf6 42. Qd2+ Kh7 43. Qd3+ Kh6 44. Qd2+ Kh7 45. Qd3+ Kh6 1/2-1/2

[Event "Norwegian Championship 2022"]
[Site "Kongsvinger, Norway"]
[Date "2022.07.13"]
[Round "6"]
[White "Abdrlauf, Elham"]
[Black "Kaasen, Tor Fredrik"]
[Result "0-1"]
[Board "2"]
[TimeControl "40/5400+30:1800+30"]
[WhiteTitle "FM"]
[BlackTitle "IM"]
[WhiteFideId "1533533"]
[BlackFideId "1516647"]
[WhiteElo "2466"]
[BlackElo "2433"]

1. Nf3 d5 2. c4 e6 3. e3 Nf6 4. Nc3 Bd6 5. b3 b6 6. cxd5 exd5 7. Bb2 O-O 8. Be2 c5 9. d4 Bb7 10.
O-O Nbd7 11. Nb5 Bb8 12. Rc1 Re8 13. dxc5 bxc5 14. b4 cxb4 15. Nbd4 Bd6 16. Nf5 Bf8 17. Bb5 Re6 18. N3d4 Rb6 19.
Qf3 Nc5 20. Qg3 Nfe4 21. Qf4 Qg5 22. Qe5 Rg6 23. g3 Bd6 24. h4 Bxe5 25. hxg5 Rxg5 26. Ba1 Bf6 27. f4 Rg6 28. Kg2 h5 29.
Nf3 Bc8 30. Bxf6 Bxf5 31. Bh4 Rb6 32. Nd4 Nc3 33. Nxf5 Rxb5 34. Be7 N5e4 35. Rc2 Re8 36. Bh4 f6 37. g4 hxg4 38. Ra1 Kf7 39.
Be1 Rc8 40. a3 b3 41. Rxc3 b2 42. Rb1 Rxc3 43. Nd6+ Nxd6 44. Bxc3 Nc4 0-1

[Event "Norwegian Championship 2022"]
[Site "Kongsvinger, Norway"]
[Date "2022.07.13"]
[Round "6"]
[White "Hammer, Jon Ludvig"]
[Black "Elsness, Frode"]
[Result "1/2-1/2"]
[Board "3"]
[TimeControl "40/5400+30:1800+30"]
[WhiteTitle "GM"]
[BlackTitle "IM"]
[WhiteFideId "1503707"]
[BlackFideId "1501100"]
[WhiteElo "2638"]
[BlackElo "2464"]

1. e4 e5 2. Nf3 Nc6 3. Bb5 a6 4. Ba4 Nf6 5. O-O Nxe4 6. d4 b5 7. Bb3 d5 8. dxe5 Be6 9. Nbd2 Be7 10.
c3 O-O 11. Bc2 f5 12. exf6 Nxf6 13. Re1 Bg4 14. Nf1 Bc5 15. Be3 d4 16. cxd4 Nxd4 17. Rc1 Bxf3 18. gxf3 Bb6 19. Ng3 Kh8 20.
Bb1 c5 21. Bxd4 cxd4 22. Qd3 Qd5 23. h4 Rae8 24. Rxe8 Rxe8 25. h5 Qd7 26. Qf5 Kg8 27. Kf1 Rd8 28. Qxd7 Rxd7 29. Rc6 Rc7 30.
Rxb6 Rc1+ 31. Kg2 Rxb1 32. Rxa6 Rxb2 33. h6 d3 34. Ra8+ Kf7 35. Ra7+ Kg6 36. Rxg7+ Kxh6 37. Nf5+ Kh5 38.
f4 Ne4 39. Kf3 Re2 40. Nd4 Re1 41. Nb3 d2 42. Rxh7+ Kg6 43. Rd7 d1=Q+ 44. Rxd1 Rxd1 45. Kxe4 b4 46. Nd4 Rd2 47. Kd5 Rxa2 48.
Kc4 Rb2 49. Nb3 Kf5 50. Kxb4 Kxf4 51. Kc4 Rxf2 52. Kd4 Rf1 53. Nd2 Ra1 54. Kd3 Ra8 55. Kd4 Rd8+ 56. Kc3 Ke3 57. Nc4 Ke2 58.
Ne5 Rd5 59. Nc4 Rd3+ 60. Kb4 1/2-1/2

[Event "Norwegian Championship 2022"]
[Site "Kongsvinger, Norway"]
[Date "2022.07.13"]
[Round "6"]
[White "Urkedal, Frode Olav Olsen"]
[Black "Stanford, Maxim Barth"]
[Result "1-0"]
[Board "4"]
[TimeControl "40/5400+30:1800+30"]
[WhiteTitle "GM"]
[BlackTitle "IM"]
[WhiteFideId "1506102"]
[BlackFideId "408280"]
[WhiteElo "2555"]
[BlackElo "2308"]

1. e4 c5 2. Nf3 g6 3. c4 Bg7 4. d4 d6 5. d5 Bg4 6. Be2 Nd7 7. O-O a6 8. a4 Ngf6 9. Nc3 O-O 10.
h3 Bxf3 11. Bxf3 Qc7 12. Bf4 Ne8 13. Qd2 Rb8 14. Be2 Ne5 15. Bg5 f6 16. Bh4 g5 17. Bg3 Ng6 18. Bg4 Bh6 19. Nd1 Ng7 20.
Ne3 Kh8 21. Qc2 Nf4 22. Bf3 f5 23. exf5 Ngh5 24. Qd1 Nf6 25. Bh2 b5 26. axb5 axb5 27. b3 bxc4 28. bxc4 Rb2 29. Ng4 Bg7 30.
g3 Nxh3+ 31. Kg2 Nxg4 32. Bxg4 Nxf2 33. Rxf2 Rxf2+ 34. Kxf2 h5 35. Bxh5 Rxf5+ 36. Kg2 Bxa1 37. Bg6 Rf8 38.
Qh5+ Kg7 39. Qh7+ Kf6 40. Bb1 Qc8 41. Qg6+ Ke5 42. g4+ Rf4 43. Qg7# 1-0

[Event "Norwegian Championship 2022"]
[Site "Kongsvinger, Norway"]
[Date "2022.07.13"]
[Round "6"]
[White " Østenstad, Berge"]
[Black "Østmoe, Geir Sune Tallaksen"]
[Result "0-1"]
[Board "5"]
[TimeControl "40/5400+30:1800+30"]
[WhiteTitle "GM"]
[BlackTitle "IM"]
[WhiteFideId "1500058"]
[BlackFideId "1502778"]
[WhiteElo "2451"]
[BlackElo "2483"]

1. Nf3 Nf6 2. c4 e6 3. Nc3 d5 4. e3 Be7 5. b3 O-O 6. Bb2 b6 7. cxd5 exd5 8. d4 Re8 9. Bd3 Ba6 10.
O-O Bxd3 11. Qxd3 Bd6 12. Rac1 a6 13. Ne5 Bxe5 14. dxe5 Rxe5 15. Ne2 Re6 16. Nf4 Rd6 17. Be5 Rd7 18.
Rfd1 Ng4 19. Qf5 Nxe5 20. Qxe5 c6 21. b4 Raa7 22. a4 Rd6 23. a5 Re7 24. Qa1 Nd7 25. Nd3 Re4 26. axb6 Qxb6 27.
Qa3 Ne5 28. Nc5 Rc4 29. Rxc4 Nxc4 30. Qxa6 Qxa6 31. Nxa6 Rd8 32. h4 h5 33. g3 Ra8 34. Nc5 Ra2 35. Rd4 f5 36. b5 Ra5 37.
Ne6 Rxb5 38. Nf4 Ne5 39. Kg2 g6 40. Rd2 Kf7 41. Ra2 Ke7 42. Kf1 Kd6 43. Ke2 Kc5 44. Kd2 Kb4 45. Ra8 Kc4 46.
Kc2 c5 47. Re8 Nc6 48. Nxg6 Ra5 49. Kb2 Kd3 50. Nf4+ Kd2 51. Nxd5 Rb5+ 52. Ka3 c4 53. e4 c3 54. Rc8 Rc5 0-1

[Event "Norwegian Championship 2022"]
[Site "Kongsvinger, Norway"]
[Date "2022.07.13"]
[Round "6"]
[White "Tallaksen, Levi André"]
[Black "Vestby-Ellingsen, Mads"]
[Result "0-1"]
[Board "6"]
[TimeControl "40/5400+30:1800+30"]
[WhiteTitle "FM"]
[BlackTitle "IM"]
[WhiteFideId "1505785"]
[BlackFideId "1520857"]
[WhiteElo "2341"]
[BlackElo "2351"]

1. d4 Nf6 2. c4 e6 3. Nc3 Bb4 4. f3 c5 5. d5 b5 6. e4 O-O 7. Bd3 bxc4 8. Bxc4 Ba6 9. Bxa6 Nxa6 10.
Nge2 exd5 11. exd5 h6 12. O-O d6 13. Ng3 Nc7 14. Nge4 Bxc3 15. Nxc3 Qd7 16. Qd3 Rfe8 17. Bf4 Rab8 18.
Rae1 Rxb2 19. Ne4 Nfxd5 20. Bg3 Re6 21. Qa3 Rb8 22. Qxa7 Ra8 23. Qb7 f5 24. Nxc5 dxc5 25. Rxe6 Qxe6 26.
Bxc7 Rxa2 27. Bg3 Re2 28. Ra1 Kh7 29.
Bf2 Nf4 30. Qb5 Rc2 31. Re1 Qg6 32. Bg3 Rxg2+ 33. Kh1 Rd2 34.
Qxc5 Nd3 35. Qe3 Nxe1 36. Qxd2 Nxf3 37. Qd5 Qg4 38. Kg2 Ng5 39. Kf1 Qe4 40. Qd6 Qf3+ 41. Ke1 Ne4 42. Qc7 Qe3+ 43.
Kf1 Nd2+ 44. Kg2 Qf3+ 45. Kh3 Qf1+ 46. Kh4 Nf3+ 47. Kh5 Qh3+ 48. Bh4 Qg4# 0-1

[Event "Norwegian Championship 2022"]
[Site "Kongsvinger, Norway"]
[Date "2022.07.13"]
[Round "6"]
[White "Sjøberg, Isak"]
[Black "Djurhuus, Rune"]
[Result "1-0"]
[Board "7"]
[TimeControl "40/5400+30:1800+30"]
[WhiteTitle "FM"]
[BlackTitle "GM"]
[WhiteFideId "1521640"]
[BlackFideId "1500082"]
[WhiteElo "2308"]
[BlackElo "2407"]

1. e4 c5 2. Nf3 d6 3. d4 cxd4 4. Nxd4 Nf6 5. Nc3 g6 6. Be3 Bg7 7. f3 Nc6 8. Qd2 Bd7 9. O-O-O h5 10.
Be2 Rc8 11. h3 Qa5 12. Kb1 Ne5 13. Nb3 Qc7 14. g4 Be6 15. Bd4 Nc6 16. g5 Nxd4 17. Qxd4 O-O 18. gxf6 Bxf6 19. Qd3 Qd7 20.
Nd5 Bg7 21. Qb5 Rc6 22. c3 a6 23. Qd3 Rfc8 24. Qe3 Qd8 25. f4 a5 26. f5 Bxd5 27. exd5 Rb6 28. fxg6 1-0